 Dungeon Crawl Stone Soup version 0.20.0-9-g8272e65 (webtiles) character file.

128 Mysteryquy the Skirmisher (level 5, -1/43 HPs)
             Began as a Barachi Fighter on June 3, 2017.
             Was a Believer of Cheibriados.
             Slain by a two-headed ogre
             ... wielding a +0 giant spiked club
              (10 damage)
             ... on level 4 of the Dungeon.
             The game lasted 00:04:07 (2131 turns).

Mysteryquy the Skirmisher (Barachi Fighter)         Turns: 2131, Time: 00:04:07

Health: -1/43      AC:  9    Str: 22    XL:     5   Next: 12%
Magic:  5/5        EV:  8    Int: 12    God:    Cheibriados [**....]
Gold:   63         SH: 10    Dex: 16    Spells: 4/4 levels left

rFire    + . .     SeeInvis .   y - +0 broad axe
rCold    + . .     Gourm    .   c - +0 shield
rNeg     . . .     Faith    .   b - +0 scale mail
rPois    .         Spirit   .   t - +1 helmet
rElec    .         Reflect  .   r - scarf {rC+ rF+}
rCorr    .         Harm     .   (no gloves)
MR       .....                  (no boots)
Stlth    ..........             (no amulet)
Regen    0.2/turn               (no ring)
MPRegen  0.1/turn               (no ring)

@: very slow
A: +LOS, swims, slowness 1, strong legs 1
a: Hop, Bend Time, Renounce Religion


You were on level 4 of the Dungeon.
You worshipped Cheibriados.
Cheibriados was pleased with you.
You were not hungry.

You visited 1 branch of the dungeon, and saw 4 of its levels.

You collected 163 gold pieces.
You spent 100 gold pieces at shops.

Inventory:

Hand Weapons
 a - a +0 war axe
 y - a +0 broad axe (weapon)
Armour
 b - a +0 scale mail (worn)
 c - a +0 shield (worn)
 r - a scarf of resistance (worn)
 t - a +1 helmet (worn)
Jewellery
 q - a +5 ring of evasion {unknown}
Scrolls
 e - 3 scrolls of remove curse {unknown}
 g - a scroll of random uselessness {unknown}
 j - 4 scrolls of identify {unknown}
 l - 4 scrolls of blinking {unknown}
 m - 3 scrolls of teleportation {unknown}
 n - a scroll of fear {unknown}
 o - 2 scrolls of magic mapping {unknown}
 p - 2 scrolls of fog {unknown}
 s - a scroll of enchant armour {unknown}
 u - a scroll of recharging {unknown}
 x - a scroll of immolation {unknown}
Potions
 d - a potion of might
 i - 3 potions of mutation {unknown}
 v - a potion of ambrosia {unknown}
 w - a potion of lignification {unknown}
 z - a potion of haste {unknown}
Books
 k - a book of Misfortune

   Spells                             Type                      Level
   a - Confusing Touch                Hexes                        1
   b - Confuse                        Hexes                        3
   c - Gell's Gravitas                Translocation                3
   d - Petrify                        Transmutation/Earth          4
   e - Metabolic Englaciation         Hexes/Ice                    5
   f - Yara's Violent Unravelling     Hexes/Transmutation          5
Comestibles
 f - 4 bread rations
 h - 2 royal jellies


   Skills:
 + Level 4.5 Fighting
 + Level 3.5 Axes
 + Level 4.3 Armour
 + Level 0.7 Dodging
 + Level 4.1 Shields


You had 4 spell levels left.
You didn't know any spells.

Dungeon Overview and Level Annotations

Branches:
Dungeon (4/15)
 Temple: D:4-7

Altars:
Cheibriados
Trog

Shops:
D:4 (((


Innate Abilities, Weirdness & Mutations

Shadows flee at your approach. (+LOS)
You can swim through water.
You cover ground slowly.
You can hop short distances.


Message History

No target in view!
No target in view!
No target in view!
No target in view!
No target in view!
All of the chunks of flesh in your inventory have rotted away.
Found Dosmuz's Weapon Emporium.
There is an entrance to Dosmuz's Weapon Emporium here.
A two-headed ogre and a phantom come into view.
Found 16 stones.
There are monsters nearby!
You barely miss the two-headed ogre.
The two-headed ogre hits you with a giant spiked club!!
You block the two-headed ogre's attack.
You hit the two-headed ogre.
The two-headed ogre is lightly wounded.
The two-headed ogre hits you with a giant spiked club!
* * * LOW HITPOINT WARNING * * *
The two-headed ogre hits you with a great mace!
You die...

###.###......# ### .#
............†####.. ..
.........)........#
.##.#####..........###.##
..........#.....##.# #.#
...W............##.# #.#
#(...W.##.....##.# #.#
#O###..∩###...... #@#
#............
#.####.###.#########.#
#.........# #.#
#.####.##### #.# #.# #.#
#.# #.# #.#


You could see a two-headed ogre and a phantom.

Vanquished Creatures
  Robin (D:2)
  2 adders
  An ooze (D:4)
  2 worms
  2 dart slugs
  4 leopard geckos
  11 orcs (D:3)
  2 ball pythons
  3 bats
  A giant cockroach (D:1)
  11 goblins
  8 hobgoblins
  3 frilled lizards
  11 kobolds
  7 rats
69 creatures vanquished.

Notes
Turn   | Place    | Note
-------+----------+-------------------------------------------
     0 | D:1      | Mysteryquy the Barachi Fighter began the quest for the Orb.
     0 | D:1      | Reached XP level 1. HP: 18/18 MP: 1/1
   130 | D:1      | Reached XP level 2. HP: 24/25 MP: 2/2
   943 | D:2      | Reached XP level 3. HP: 30/30 MP: 3/3
   953 | D:2      | Found a snail-covered altar of Cheibriados.
  1000 | D:2      | Became a worshipper of Cheibriados the Contemplative
  1365 | D:2      | Noticed Robin
  1379 | D:2      | Killed Robin
  1379 | D:2      | Reached XP level 4. HP: 29/37 MP: 4/4
  1406 | D:2      | Found a bloodstained altar of Trog.
  1464 | D:2      | Reached * piety under Cheibriados
  1981 | D:3      | Reached XP level 5. HP: 40/43 MP: 5/5
  2073 | D:4      | Found Goceod's Antique Weapon Shoppe.
  2076 | D:4      | Bought a broad axe for 100 gold pieces
  2085 | D:4      | Found Jyvom's Weapon Shoppe.
  2104 | D:4      | Reached ** piety under Cheibriados
  2114 | D:4      | Found Dosmuz's Weapon Emporium.
  2128 | D:4      | Noticed a phantom
  2128 | D:4      | Noticed a two-headed ogre
  2131 | D:4      | Slain by a two-headed ogre

Skill      XL: |  1  2  3  4 |
---------------+-------------+-----
Fighting       | 4 |  4.5
Armour         | 4 |  4.3
Axes           | 3 |  3.5
Shields        | 4 |  4.1
Dodging        | |  0.7

Action                   |  1- 3 |  4- 6 || total
-------------------------+-------+-------++-------
Melee: War axe           |    91 |    78 ||   169
       Broad axe         |       |     7 ||     7
  Eat: Chunk             |     2 |     2 ||     4
Armor: Scale mail        |    44 |    44 ||    88
Dodge: Dodged            |    42 |    29 ||    71
Block: Shield            |    60 |    67 ||   127
